AoeStats
← thejavamonk

Arabia

510340299Analyzed
1v1 RM · 3d ago on Sep 30, 2026· 29m 25s· 2 players
Game mode
Random Map
Map size
Tiny (2 player)
Population
200
Speed
Normal
Resources
Standard
Victory
Conquest
Starting age
Dark Age
Ending age
Imperial Age
RankedLock teamsTeams togetherTeam positionsShared explorationLock speedFull tech treeHidden civsTurbo modeCheats
Victory
Defeat
🇦🇺 Vikings · Australia
458
+8
🇮🇳 Byzantines · India
257
-8
thejavamonk
0:32 Loom
13:47 Feudal Age
15:07 Double-Bit Axe
23:23 Castle Age
23:13 Man-at-Arms
23:39 Arson
28:54 Husbandry
28:15 Light Cavalry
28:59 Squires
29:07 Thumb Ring
oggie_20
0:28 Loom
11:15 Feudal Age
12:24 Town Watch
12:31 Double-Bit Axe
12:58 Horse Collar
15:35 Gold Mining
16:31 Man-at-Arms
16:56 Arson
17:38 Stone Mining
25:23 Castle Age
25:40 Forging
25:31 Scale Mail Armor
25:36 Scale Barding Armor
25:22 Fletching
25:32 Padded Archer Armor
26:48 Long Swordsman
26:49 Pikeman
27:13 Crossbowman
27:14 Elite Skirmisher
28:02 Town Patrol
29:27 Heavy Plow
29:39 Bow Saw
30:07 Gold Shaft Mining
Connection lost

Rejoining the realm…

Still unreachable

The connection could not be restored.

Session expired

The server has moved on; the page needs a fresh start.